cohdb
Replays
Latest Replays
All Replays
Popular Replays
Top Player Replays
Match Explorer
How It Works
Community
CoH3 Stats
Reddit
Sign in to upload your games and track your stats! →
Sign in with Steam
Match 47106289
Unlisted
Match 47106289
Overview
Messages
Build Orders
End
Construct Infanterie Kompanie
MG 42 Machine Gun Team
MG 42 Machine Gun Team
Selects Terror Battlegroup
Selects Machine Gun Camouflage
Grenadier Squad
GrW 34 Mortar Team
Construct Panzergrenadier Kompanie
Medical Bunker
Pak 40 Anti-tank Gun Team
Selects Defend the Fatherland
Panzergrenadier Squad
Panzergrenadier Squad
Construct Panzer Kompanie
Selects Contempt for the Weak
Stoßtruppen Squad
Forward Retreat Point
Selects Propaganda Leaflet Drop
Panzer IV Medium Tank
Selects V1 Rocket Strike
Stoßtruppen Squad
V1 Rocket Strike
Panzer IV Medium Tank
Side Skirts
Panzer IV Medium Tank
Pioneer Squad
Stoßtruppen Squad
Panzer IV Medium Tank
Selects King Tiger Heavy Tank
我出奶车
Yoddha
verige维吉尔
jin1108sm
itinosuke
shikai409
0
0
Comments
sign in to comment!
No comments posted yet!